 Dungeon Crawl Stone Soup version 0.29.1-1-gd02db6906a (webtiles) character file.

Game seed: 11874150576641458380

93 virigoth the Ruffian (level 4, -3/45 HPs)
             Began as a Troll Fighter on Sept 20, 2022.
             Slain by a gnoll
             ... wielding a +0 spear
              (8 damage)
             ... on level 2 of the Dungeon.
             The game lasted 00:03:02 (929 turns).

virigoth the Ruffian (Troll Fighter)                 Turns: 929, Time: 00:03:03

Health: -3/45      AC:  4    Str: 24    XL:     4   Next: 37%
Magic:  3/3        EV:  8    Int:  6    God:
Gold:   102        SH:  7    Dex:  9    Spells: 3/3 levels left

rFire   . . .      SeeInvis .     - Unarmed
rCold   . . .      Faith    .   b - +0 kite shield
rNeg    . . .      Spirit   .   a - +0 robe
rPois   .          Reflect  .   (helmet restricted)
rElec   .          Harm     .   (no cloak)
rCorr   .          Rampage  .   (gloves unavailable)
Will    .....                   (boots unavailable)
Stlth   +.........              (no amulet)
HPRegen 0.95/turn               (no ring)
MPRegen 0.08/turn               (no ring)

@: mighty
A: large, unfitting armour, claws 3, regeneration 1, shaggy fur 1, tough skin 1
a: no special abilities


You were on level 2 of the Dungeon.
You visited 1 branch of the dungeon, and saw 3 of its levels.

You collected 102 gold pieces.

Inventory:

Armour
 a - a +0 robe (worn)
 b - a +0 kite shield (worn)
Scrolls
 d - a scroll of vulnerability {unknown}
 g - a scroll of enchant weapon {unknown}
 h - 2 scrolls of summoning {unknown}
 j - a scroll of immolation {unknown}
Potions
 c - a potion of might
 e - a potion of brilliance {unknown}
 f - 2 potions of ambrosia {unknown}
 i - 3 potions of curing {unknown}
 k - a potion of heal wounds {unknown}


   Skills:
 + Level 3.0 Fighting
 - Level 2.4 Dodging
 + Level 3.3 Shields
 * Level 3.5 Unarmed Combat


You had 3 spell levels left.
You didn't know any spells.
Your spell library contained the following spells:

 Spells                   Type           Power      Damage    Failure   Level
 Gell's Gravitas          Tloc           0%         N/A       98%         3
 Teleport Other           Tloc           0%         N/A       98%         3
 Dispersal                Tloc           0%         N/A       100%        6


Dungeon Overview and Level Annotations

Branches:
Dungeon (3/15)

Altars:


Innate Abilities, Weirdness & Mutations

You are too large for most types of armour.
You have claws for hands.
Your natural rate of healing is unusually fast.
You are covered in fur. (AC +1)
You have tough skin. (AC +1)


Message History

The gnoll hits you from afar with a +0 spear.
You scratch the gnoll.
The gnoll is almost dead.
The gnoll barely misses you. x2; The gnoll hits you but does no damage.
You closely miss the gnoll.
The gnoll is almost dead.
The gnoll completely misses you.
The gnoll hits you from afar with a +0 spear.
The gnoll closely misses you. You block the gnoll's attack.
The gnoll closely misses you. The gnoll hits you with a +0 club.
You claw the gnoll!
You kill the gnoll!
The gnoll completely misses you.
The gnoll hits you from afar with a +0 halberd!
The gnoll hits you with a +0 spear. The gnoll barely misses you.
You see here a +0 club.
You barely miss the gnoll. The gnoll barely misses you.
You block the gnoll's attack.
You claw the gnoll!
The gnoll is severely wounded.
The gnoll hits you with a +0 spear. The gnoll hits you with a +0 halberd.
You closely miss the gnoll.
The gnoll is severely wounded.
The gnoll hits you with a +0 spear. The gnoll hits you with a +0 halberd!
You are too injured to fight recklessly!
You are too injured to fight recklessly!
You are too injured to fight recklessly!
You claw the gnoll!
The gnoll is severely wounded.
The gnoll hits you with a +0 halberd.
* * * LOW HITPOINT WARNING * * *
The gnoll hits you with a +0 spear.
* * * LOW HITPOINT WARNING * * *
You feel very mighty all of a sudden. You block the gnoll's attack.
The gnoll hits you with a +0 spear.
* * * LOW HITPOINT WARNING * * *
You claw the gnoll!
You kill the gnoll!
The gnoll hits you with a +0 spear!
You die...

...# #...........# #........ ...
#...........# #........
...######...........# #........
........'...........+ +........
..#######...........# #........
.# #...........# #........
†########......(....#####........
>g.....##......g)................
.#####w.....g.##@#######......##.
.# #####.##.##.## #......##. gw
#.#..<...######...÷..##. ...
#.#...#......##......##. ....
#.#.###.####.##......##. ...g.
..## #.# #..'..÷...##. ...... ...
..# ####......##. ......# ###
#### #...##+##### #.#....#


You could see a gnoll.

Vanquished Creatures
  3 adders (D:2)
  2 gnolls (D:2)
  5 dart slugs
  3 ball pythons (D:2)
  3 bats
  6 endoplasms
  2 giant cockroaches
  4 goblins
  3 hobgoblins
  4 jackals (D:2)
  2 quokkas
  A frilled lizard (D:1)
  4 kobolds
  2 rats (D:1)
44 creatures vanquished.

Notes
Turn   | Place    | Note
-------+----------+-------------------------------------------
     0 | D:1      | virigoth the Troll Fighter began the quest for the Orb.
     0 | D:1      | Reached XP level 1. HP: 22/22 MP: 0/0
    92 | D:1      | Reached XP level 2. HP: 29/29 MP: 1/1
   128 | D:1      | Found a faded altar of an unknown god.
   386 | D:1      | Reached XP level 3. HP: 36/36 MP: 2/2
   869 | D:2      | Reached XP level 4. HP: 40/44 MP: 3/3
   929 | D:2      | Slain by a gnoll

Illustrated notes

Levels and vault maps discovered:
D:1:      minmay_arrival_hallway, layout_rooms, ebering_ecumenical_altar_ruins
D:2:      layout_basic
D:3:      layout_loops_corners, serial_shops, nicolae_shop_statue_plus,
          corexii_item_surrounded_by_moat, nicolae_eternal_life

Skill      XL: |  1  2  3  4 |
---------------+-------------+-----
Shields        | 3 |  3.3
Unarmed Combat | 3 |  3.5
Fighting       | 3 |  3.0
Dodging        | |  2.4

Action                   |  1- 3 |  4- 6 || total
-------------------------+-------+-------++-------
Melee: Unarmed           |    83 |    29 ||   112
  Use: Potion            |       |     1 ||     1
Armor: Robe              |    44 |    12 ||    56
Dodge: Dodged            |    38 |    16 ||    54
Block: Kite shield       |    26 |    14 ||    40
